 Seeded DCSS version 0.30.1-11-g7821555f0a (webtiles) character file.

Game seed: 430007637681659361 (custom seed)

31 McKennaii the Conjurer (level 2, -5/20 HPs)
             Began as a Demigod Conjurer on Jan 13, 2024.
             Slain by a kobold
             ... wielding a +1 whip of electrocution
              (16 damage)
             ... on level 1 of the Dungeon.
             The game lasted 00:00:40 (1033 turns).

McKennaii the Conjurer (Demigod Conjurer)           Turns: 1033, Time: 00:00:41

Health: -5/20      AC:  2    Str:  8    XL:     2   Next: 90%
Magic:  5/8        EV: 12    Int: 20    God:
Gold:   35         SH:  0    Dex: 12    Spells: 4/5 levels left

rFire   . . .        j - +3 war axe
rCold   . . .        (no shield)
rNeg    . . .        a - +0 robe
rPois   .            (no helmet)
rElec   .            (no cloak)
rCorr   .            (no gloves)
SInv    .            (no boots)
Will    .....        (no amulet)
Stlth   ++           e - ring of flight
HPRegen 0.23/turn    (no ring)
MPRegen 0.11/turn

%: no passive effects
@: flying
A: high MP 1, forlorn, divine attributes
a: no special abilities


You were on level 1 of the Dungeon.
You visited 1 branch of the dungeon, and saw 1 of its levels.

You collected 35 gold pieces.

Inventory:

Hand Weapons
 j - a +3 war axe (weapon)
Armour
 a - a +0 robe (worn)
Jewellery
 e - a ring of flight (left hand)
Scrolls
 c - a scroll of fear {unknown}
 d - 2 scrolls of noise {unknown}
 g - a scroll of brand weapon {unknown}
 h - a scroll of vulnerability {unknown}
Potions
 b - a potion of magic
 f - a potion of cancellation {unknown}
 i - a potion of ambrosia {unknown}
 k - a potion of curing {unknown}


   Skills:
 - Level 1.7 Dodging
 - Level 1.7 Stealth
 + Level 2.4 Spellcasting
 + Level 4.1 Conjurations


You had 4 spell levels left.
You knew the following spells:

 Your Spells              Type           Power      Damage    Failure   Level
a - Magic Dart            Conj           76%        1d6       2%          1

Your spell library contained the following spells:

 Spells                   Type           Power      Damage    Failure   Level
 Searing Ray              Conj           38%        2d5       4%          2
 Dazzling Flash           Conj/Hex       20%        N/A       19%         3
 Fulminant Prism          Conj/Hex       5%         3d6       54%         4
 Iskenderun's Mystic Bla  Conj/Tloc      10%        2d4       54%         4


Dungeon Overview and Level Annotations

Branches:
Dungeon (1/15)


Innate Abilities, Weirdness & Mutations

You have an increased reservoir of magic. (+10% MP)
You shall have no god before yourself.
Your divine heritage dramatically boosts your attributes as you level up.


Message History

Found a hand axe.
You see here a +3 war axe.
j - a +3 war axe
j - a +3 war axe (weapon)
k - a viscous brown potion You can't see any susceptible monsters within range! (Use Z to cast anyway.) No target in view!
You reach down and open the door.
A ball python comes into view.
There is an open door here.
The magic dart hits the ball python.
You kill the ball python!
No target in view!
You see here a +0 hand axe.
You see here a +0 hand axe.
You reach down and open the door.
A hobgoblin comes into view.
Found 15 gold pieces.
The magic dart hits the hobgoblin.
The hobgoblin is severely wounded.
The hobgoblin shouts!
A hobgoblin is nearby!
A kobold comes into view.
It is wielding a +1 whip of electrocution.
Found a scroll labelled DEILUD OMASEGE.
Found an escape hatch in the floor.
The kobold shouts!
There is an open door here.
The magic dart hits the hobgoblin.
You kill the hobgoblin!
A kobold is nearby!
The kobold completely misses you.
The magic dart hits the kobold.
The kobold is moderately wounded.
The kobold hits you but does no damage.
A kobold is nearby!
You barely miss the kobold.
The kobold is moderately wounded.
The kobold hits you with a +1 whip of electrocution. x2
You are electrocuted!
Ouch! That really hurt!
You die...

#.# #............# #.#
#............# #.#
#............#
#.#########......#
#....# #......# ####.#
#......# #...#
#......# ######'#####
##...### #...K@.....#
##...## #?.........#
#.....##
#..........####.~.....
#.$....>...+.....≈≈≈≈≈
#..........###..~≈♣♣♣≈
#..........# #..~≈♣ ♣≈
############ #..~≈♣♣♣≈
#...≈≈≈≈≈ #..~.).~~


You could see a kobold.

Vanquished Creatures
  A dart slug (D:1)
  An endoplasm (D:1)
  3 giant cockroaches (D:1)
  2 goblins (D:1)
  3 hobgoblins (D:1)
  2 quokkas (D:1)
  5 ball pythons (D:1)
  6 bats (D:1)
  A frilled lizard (D:1)
  4 rats (D:1)
28 creatures vanquished.

Notes
Turn   | Place    | Note
-------+----------+-------------------------------------------
     0 | D:1      | McKennaii the Demigod Conjurer began the quest for the Orb.
     0 | D:1      | Reached XP level 1. HP: 14/14 MP: 5/5
   347 | D:1      | Reached XP level 2. HP: 14/20 MP: 0/7
   712 | D:1      | Reached skill level 4 in Conjurations
  1033 | D:1      | Slain by a kobold

Illustrated notes

Levels and vault maps discovered:
D:1:      wander_arrival_chamber, layout_basic, kennysheep_boxes

Skill      XL: |  1  2 |
---------------+-------+-----
Spellcasting   | 2 |  2.4
Conjurations   | 4 |  4.1
Dodging        | |  1.7
Stealth        | |  1.7

Action                     || total
---------------------------++-------
  Melee: Unarmed           ||    23
         War axe           ||     1
   Cast: Magic Dart        ||    58
 Armour: Robe              ||    15
  Dodge: Dodged            ||    34
